 Dungeon Crawl Stone Soup version 0.16-a0-3736-g4b94454 (webtiles) character file.

105 Malachi the Insei (level 4, -2/49 HPs)
             Began as a Demonspawn Transmuter on Jan 22, 2015.
             Slain by a centaur (4 damage)
             ... on level 2 of the Dungeon.
             The game lasted 00:09:01 (3351 turns).

Malachi the Insei (Demonspawn Transmuter)           Turns: 3351, Time: 00:09:01

Health: -2/49      AC: 22    Str: 11    XL:     4   Next: 54%
Magic:  8/8        EV:  2    Int: 15    God:
Gold:   148        SH:  0    Dex: 13    Spells: 2 memorised, 5 levels left

rFire  . . .     SeeInvis .       - Unarmed
rCold  . . .     Clarity  .     c - melded +1 robe
rNeg   + + +     SustAb   .     (no shield)
rPois  +         Gourm    .     (helmet currently unavailable)
rElec  .         Spirit   .     q - melded +0 cloak
rCorr  .         Warding  .     (gloves currently unavailable)
rMut   .         NoTele   +     (boots currently unavailable)
MR     .....                    (no amulet)
Stlth  ++........               (no ring)
                                (no ring)

@: tree-form, not resistant to hostile enchantments, unstealthy
A: (talons 0)
a: no special abilities


You were on level 2 of the Dungeon.
You were not hungry.
You were a tree.
You visited 1 branch of the dungeon, and saw 4 of its levels.

You collected 148 gold pieces.

Inventory:

Hand weapons
 e - a +0 blowgun
Missiles
 b - 34 arrows
 h - 10 poisoned needles
Armour
 c - a +1 robe (melded)
 q - a +0 cloak (melded)
Scrolls
 g - a scroll of random uselessness
 l - 3 scrolls of remove curse
 r - 2 scrolls of identify
Potions
 t - 2 potions of restore abilities
Books
 d - a book of Changes

   Spells                             Type                      Level
   a - Beastly Appendage              Transmutation                1
   b - Sticks to Snakes               Transmutation                2
   c - Spider Form                    Transmutation/Poison         3
   d - Ice Form                       Ice/Transmutation            4
   e - Blade Hands                    Transmutation                5
 k - a Young Poisoner's Handbook

   Spells                             Type                      Level
   a - Sting                          Conjuration/Poison           1
   b - Cure Poison                    Poison                       2
   c - Mephitic Cloud                 Conjuration/Poison/Air       3
   d - Olgreb's Toxic Radiance        Poison                       4
   e - Venom Bolt                     Conjuration/Poison           5
Comestibles
 a - 2 bread rations
 f - 2 meat rations
 i - 2 beef jerkies


   Skills:
 + Level 2.0 Fighting
 + Level 2.5 Dodging
 + Level 0.8 Stealth
 + Level 3.1 Unarmed Combat
 + Level 2.5 Spellcasting
 + Level 2.5 Transmutations


You had 5 spell levels left.
You knew the following spells:

 Your Spells              Type           Power        Failure   Level  Hunger
a - Beastly Appendage     Trmt           #.....       10%         1    #......
b - Sticks to Snakes      Trmt           #.........   12%         2    ###....


Dungeon Overview and Level Annotations

Branches:
Dungeon (4/15)
 Temple: D:4-7

Altars:
Elyvilon
Xom

Annotations:
D:3 trelanon's ghost, average VSAs
D:4 Menkaure


Innate Abilities, Weirdness & Mutations

((You have razor-sharp toenails.))


Message History

Drink which item? (? for menu, Esc to quit)
Your horns disappear.
You turn into a tree.
Your +0 cloak melds into your body.
Your +1 robe melds into your body.
Your roots penetrate the ground.
The centaur hits you but does no damage. x3
What do you say? t - Creak!
Orders for allies: a - Attack new target. r - Retreat! s - Stop attacking. w - Wait here. f - Follow me.
Anything else - Stay silent.
Okay, then.
You smack the centaur!
The centaur is heavily wounded.
The centaur hits you.
* * * LOW HITPOINT WARNING * * *
You hit the centaur.
The centaur is severely wounded.
The centaur hits you.
You die...

#.##.# #.##.# ########### #.##.#
#....#....# #####
#.##.###....#....# #...#
#.##.............# #...####
#####.####..........######<.....#
...................##..##...>...#
..#...#.##.....c...#....####.#..#
..^..........###♣..#_.⌠.##......#
............## #...#.....#.#.....
............# ##.####....#....#.#
.........§..###.....#8...'......#
...................##....#....###
.....######.###....#.....#.#..#
>.c....#.....#######_.⌠.##.#..#
.....#.#.##..# #....#..#..###
#.####...##..########..#####..#..


You could see a centaur.

Vanquished Creatures
  Ijyb (D:2)
  3 adders
  A worm (D:2)
  2 giant geckos
  2 orcs
  2 giant cockroaches (D:1)
  9 hobgoblins
  3 jackals (D:2)
  2 kobolds
  7 bats
  5 giant newts
  9 goblins
  7 rats
53 creatures vanquished.

Vanquished Creatures (collateral kills)
  A worm (D:2)
  2 goblins
3 creatures vanquished.

Grand Total: 56 creatures vanquished

Notes
Turn   | Place    | Note
--------------------------------------------------------------
     0 | D:1      | Malachi, the Demonspawn Transmuter, began the quest for the Orb.
     0 | D:1      | Reached XP level 1. HP: 15/15 MP: 3/3
   585 | D:1      | Gained mutation: You have sharp toenails. [demonic ancestry]
   585 | D:1      | Reached XP level 2. HP: 15/21 MP: 4/4
  1144 | D:1      | Learned a level 2 spell: Sticks to Snakes
  1334 | D:2      | Found a shimmering altar of Xom.
  1334 | D:2      | Found a white marble altar of Elyvilon.
  1428 | D:2      | Gained mutation: You have razor-sharp toenails. [demonic ancestry]
  1428 | D:2      | Reached XP level 3. HP: 11/26 MP: 3/6
  2088 | D:2      | Reached skill level 3 in Unarmed Combat
  2201 | D:2      | Reached XP level 4. HP: 27/32 MP: 6/8
  2250 | D:2      | Noticed Ijyb
  2304 | D:2      | Killed Ijyb
  2816 | D:3      | You fall through a shaft!
  2836 | D:4      | Noticed Menkaure
  3179 | D:3      | Noticed trelanon's ghost (average VSAs)
  3328 | D:2      | Noticed a centaur
  3350 | D:2      | HP: 1/49 [centaur (5)]
  3351 | D:2      | Slain by a centaur

Action                   |  1- 3 |  4- 6 || total
-------------------------+-------+-------++-------
Melee: Unarmed           |   143 |    82 ||   225
 Cast: Beastly Appendage |    25 |     6 ||    31
       Sticks to Snakes  |     3 |     7 ||    10
  Use: Potion            |     3 |     2 ||     5
       Scroll            |     2 |     9 ||    11
 Stab: Sleeping          |     2 |       ||     2
       Distracted        |       |     1 ||     1
  Eat: Chunk             |     5 |     3 ||     8
       Beef jerky        |       |     1 ||     1
